 Dungeon Crawl Stone Soup version 0.30-a0-591-g3c58d2bc28 (webtiles) character file.

Game seed: 14908019051139573193

148 wormed the Changer (level 5, 0/51 HPs)
             Began as an Octopode Transmuter on Jan 6, 2023.
             Blown up by Ijyb (14 damage)
             ... with a mindburst bolt
             ... on level 3 of the Dungeon.
             The game lasted 00:03:05 (2255 turns).

wormed the Changer (Octopode Transmuter)            Turns: 2255, Time: 00:03:06

Health: 0/51       AC: 22    Str:  9    XL:     5   Next: 30%
Magic:  8/8        EV:  2    Int: 17    God:
Gold:   87         SH:  0    Dex: 13    Spells: 6/9 levels left

rFire   + . .      SeeInvis .      - Unarmed
rCold   . . .      Faith    .    (no shield)
rNeg    . . .      Spirit   .    (helmet currently unavailable)
rPois   +          Reflect  .    (no amulet)
rElec   .          Harm     .    e - ring of protection from fire
rCorr   .          Rampage  .    (no ring)
Will    .....      NoTele   +    (no ring)
Stlth   +                        (no ring)
HPRegen 0.28/turn                (no ring)
MPRegen 0.11/turn                (no ring)
                                 (no ring)
                                 (no ring)

@: tree-form
A: stationary, stasis, torment immunity, boosted hp, almost no armour,
(amphibious), 8 rings, (camouflage 1), (gelatinous body 1), (nimble swimmer 1),
(tentacles)
a: no special abilities


You were on level 3 of the Dungeon.
You were a tree.
You visited 1 branch of the dungeon, and saw 3 of its levels.

You collected 87 gold pieces.

Inventory:

Missiles
 g - 5 poisoned darts
Jewellery
 e - a ring of protection from fire (left branch)
Wands
 i - a wand of roots (6)
Scrolls
 c - a scroll of identify
Potions
 b - 2 potions of berserk rage {unknown}
 f - a potion of brilliance
 h - a potion of curing


   Skills:
 + Level 2.0 Fighting
 + Level 2.6 Dodging
 + Level 3.4 Unarmed Combat
 + Level 2.5 Spellcasting
 * Level 3.4 Transmutations
 + Level 1.3 Ice Magic


You had 6 spell levels left.
You knew the following spells:

 Your Spells              Type           Power      Damage    Failure   Level
a - Beastly Appendage     Tmut           28%        N/A       4%          1
b - Wereblood             Tmut           14%        N/A       7%          2

Your spell library contained the following spells:

 Spells                   Type           Power      Damage    Failure   Level
 Spider Form              Tmut/Pois      8%         N/A       26%         3
 Cigotuvi's Dreadful Rot  Necr/Pois/Air  4%         N/A       28%         2
 Poisonous Vapours        Pois/Air       4%         N/A       28%         2
 Sublimation of Blood     Necr           2%         N/A       28%         2
 Mephitic Cloud           Conj/Pois/Air  2%         N/A       50%         3
 Ice Form                 Ice/Tmut       10%        N/A       56%         4
 Petrify                  Tmut/Erth      8%         N/A       65%         4
 Irradiate                Conj/Tmut      4%         3d13      94%         5


Dungeon Overview and Level Annotations

Branches:
Dungeon (3/15)

Altars:

Annotations:
D:2 1 runed translucent door, Crazy Yiuf
D:3 Ijyb


Innate Abilities, Weirdness & Mutations

You are a tree.
Your roots penetrate the ground, keeping you stationary.
You cannot be teleported.
You are immune to unholy pain and torment.
Your maximum health is greatly increased.
You cannot wear most types of armour.
((You are amphibious.))
You can wear up to eight rings at the same time.
((Your skin changes colour to match your surroundings (Stealth+).))
((Your rubbery body absorbs attacks. (AC +1, EV +1)))
((You are camouflaged when in or above water. (Stealth+)))
((You have tentacles for arms and can constrict up to eight enemies at once.))


Message History

You closely miss the phantom. The phantom hits you.
The phantom blinks!
You blink.
Your magical contamination has completely faded away.
You tentacle-slap the phantom.
The phantom is lightly damaged.
The phantom hits you.
The phantom blinks!
You blink.
A goblin comes into view. It is wielding a +0 dagger.
Found 8 gold pieces.
You tentacle-slap the phantom but do no damage.
Your squeeze misses the phantom.
The phantom is lightly damaged.
The goblin shouts!
The phantom closely misses you.
You barely miss the phantom.
The phantom is lightly damaged.
The phantom hits you.
Ijyb the Twisted Goblin comes into view.
She is wielding a +0 dagger and carrying a wand of mindburst (7).
Ijyb shouts!
You tentacle-slap the goblin but do no damage.
You grab the goblin. You constrict the goblin.
You hear a shout!
The phantom barely misses you. The goblin hits you but does no damage.
You tentacle-slap the goblin.
You kill the goblin!
The phantom hits you.
You barely miss the phantom.
The phantom is lightly damaged.
The phantom barely misses you.
A hobgoblin comes into view.
You tentacle-slap the phantom. You squeeze the phantom!
The phantom is heavily damaged.
The phantom misses you.
Ijyb zaps a wand.
Your mind is blasted!
* * * LOW HITPOINT WARNING * * *
You turn into a tree.
Your roots penetrate the ground.
The phantom hits you but does no damage.
You hit the phantom.
The phantom is heavily damaged.
The phantom hits you but does no damage.
Ijyb zaps a wand.
Your mind is blasted!
You die...

....##§####
.......§..# # ..
#####..##.#.##...##
#..#.§...).....
#.###..#.###.#...#
#?......# .#$..
#.###....###.g..
#.##<.Wg># #.
####♣## #.......#
#########


You could see a phantom, Ijyb and a hobgoblin.

Vanquished Creatures
  Natasha (thrice) (D:2)
  Robin (D:2)
  An adder (D:2)
  A dart slug (D:1)
  3 ball pythons (D:1)
  4 endoplasms (D:1)
  3 giant cockroaches
  12 goblins
  10 hobgoblins
  3 bats
  A frilled lizard (D:1)
  5 kobolds
  6 rats
53 creatures vanquished.

Notes
Turn   | Place    | Note
-------+----------+-------------------------------------------
     0 | D:1      | wormed the Octopode Transmuter began the quest for the Orb.
     0 | D:1      | Reached XP level 1. HP: 13/13 MP: 3/3
   142 | D:1      | Reached XP level 2. HP: 16/18 MP: 3/5
   310 | D:1      | Reached XP level 3. HP: 10/23 MP: 6/6
   316 | D:1      | Learned a level 2 spell: Wereblood
   648 | D:2      | Noticed Robin
  1072 | D:2      | Reached XP level 4. HP: 28/28 MP: 1/7
  1088 | D:2      | Killed Robin
  1089 | D:2      | Reached skill level 1 in Ice Magic
  1441 | D:2      | Found a runed translucent door.
  1442 | D:2      | Noticed Crazy Yiuf
  1576 | D:2      | Noticed Natasha
  1588 | D:2      | Killed Natasha
  1738 | D:2      | Noticed Natasha
  1745 | D:2      | Killed Natasha
  1746 | D:2      | Reached XP level 5. HP: 34/34 MP: 4/8
  1943 | D:2      | Noticed Natasha
  1951 | D:2      | Killed Natasha
  2238 | D:3      | Noticed a phantom
  2249 | D:3      | Noticed Ijyb
  2255 | D:3      | Blown up by Ijyb

Illustrated notes

Levels and vault maps discovered:
D:1:      minmay_arrival_diagonal_passages, layout_rooms, serial_bayou,
          serial_bayou_pond_d, serial_bayou_pond_e, serial_bayou_pond_d,
          serial_bayou_pond_d
D:2:      layout_loops_cross, nicolae_figureground_pulse, uniq_robin,
          uniq_crazy_yiuf_cottage, uniq_natasha
D:3:      layout_loops_ring, led_xom_imps,
          hellmonk_ecumenical_altar_heavens_door, uniq_ijyb

Skill      XL: |  1  2  3  4  5 |
---------------+----------------+-----
Transmutations | 3 |  3.4
Ice Magic      | 1 |  1.3
Fighting       | 2 |  2.0
Dodging        | |  2.6
Unarmed Combat | |  3.4
Spellcasting   | |  2.5

Action                   |  1- 3 |  4- 6 || total
-------------------------+-------+-------++-------
Melee: Unarmed           |    81 |    38 ||   119
       Constrict         |    21 |     9 ||    30
       Tentacles         |    13 |     8 ||    21
       Kick              |    18 |     9 ||    27
 Cast: Beastly Appendage |    19 |     7 ||    26
       Wereblood         |     9 |     7 ||    16
  Use: Scroll            |     3 |     2 ||     5
       Potion            |       |     1 ||     1
 Stab: Sleeping          |     7 |     1 ||     8
Armor: Skin              |    10 |     3 ||    13
Dodge: Dodged            |    45 |    17 ||    62

Table legend: (Time is in decaauts)
 A = Elapsed time spent in this place.
 B = Non-inter-level travel time spent in this place.
 C = Inter-level travel time spent in this place.
 D = Time resting spent in this place.
 E = Time spent auto-exploring this place.
 F = Levels seen in this place.
 G = Mean time per level.
                   A        B        C        D        E       F      G
               +--------+--------+--------+--------+--------+-----+--------+
         Total |   2247 |   2058 |    189 |    100 |   1617 |   3 |  749.0 |
       Dungeon |   2247 |   2058 |    189 |    100 |   1617 |   3 |  749.0 |
               +--------+--------+--------+--------+--------+-----+--------+

Top non-repeatable levels by time:
     D:2: 1522 daAuts
     D:1: 706 daAuts
     D:3: 19 daAuts
